 Dungeon Crawl Stone Soup version 0.23-a0-448-g1c01f63 (webtiles) character file.

279826 Lavandula the Fighter (level 20, -1/374 HPs)
             Began as a Naga Air Elementalist on Nov 21, 2018.
             Was a High Priest of Ru.
             Slain by a vault warden
             ... wielding a +1 glaive of venom
              (10 damage)
             ... on level 5 of the Vaults.
             The game lasted 02:35:37 (19591 turns).

Lavandula the Fighter (Naga Air Elementalist)      Turns: 19591, Time: 02:35:37

Health: -1/374     AC: 33    Str: 18    XL:     20   Next: 46%
Magic:  36/37      EV: 14    Int: 20    God:    Ru [*****.]
Gold:   288        SH:  0    Dex: 12    Spells: 27/45 levels left

rFire    . . .     SeeInvis +   g - +4 lajatang (freeze)
rCold    x . .     Gourm    .   (shield currently unavailable)
rNeg     + . .     Faith    .   (armour currently unavailable)
rPois    ∞         Spirit   .   m - +2 helmet
rElec    +         Reflect  .   N - +2 cloak
rCorr    .         Harm     .   (gloves currently unavailable)
MR       +++..                  (no barding)
Stlth    ..........             q - amulet of regeneration
HPRegen  1.12/turn              G - ring "Dugit" {*Drain +Blink MR+ Slay+2 Stlth+}
MPRegen  0.25/turn              Y - ring of protection from fire

@: berserking (expiring), statue-form, no potions, studying Axes, drained
A: large, see invisible, deformed body, deterioration 1, poison resistance, slow
metabolism 1, spit poison 1, weak 1, inability to drink while threatened, no
conjurations magic, no hexes magic, no poison magic, constrict 1, temperature
sensitive, AC +6
}: 2/15 runes: serpentine, barnacled
a: Spit Poison, End Transformation, Draw Out Power, Power Leap, Apocalypse,
Renounce Religion, Evoke Blink


You were on level 5 of the Vaults.
You worshipped Ru.
Ru was extremely pleased with you.
You were very hungry.
You were a stone statue.
You visited 7 branches of the dungeon, and saw 37 of its levels.
You also visited: Labyrinth and Ossuary.

You collected 2923 gold pieces.
You spent 2635 gold pieces at shops.

Inventory:

Hand Weapons
 g - a +4 lajatang of freezing (weapon)
Missiles
 d - 2 throwing nets
 F - 29 javelins (quivered)
Armour
 e - a +1 robe of cold resistance
 m - a +2 helmet (worn)
 y - a +0 cloak of magic resistance
 D - a +1 troll leather armour (melded)
 N - a +2 cloak (worn)
 R - a +2 pair of gloves (melded)
Jewellery
 h - an uncursed ring of positive energy
 q - an amulet of regeneration (around neck)
 E - an uncursed ring of ice
 G - the ring "Dugit" (left hand) {*Drain +Blink MR+ Slay+2 Stlth+}
   (You bought it in a shop on level 2 of the Orcish Mines)

   [ring of protection from magic]

   It affects your accuracy and damage with ranged weapons and melee attacks
   (+2).
   It affects your resistance to hostile enchantments.
   It lets you blink.
   It causes draining when unequipped.
   It makes you more stealthy.
 J - an uncursed ring of fire
 W - the amulet "Xaequv" {+Rage rF+ rN+ Int+3 Slay+3}
   (You bought it in a shop on level 4 of the Dungeon)

   [amulet of rage]

   It affects your intelligence (+3).
   It affects your accuracy and damage with ranged weapons and melee attacks
   (+3).
   It protects you from fire.
   It protects you from negative energy.
   It lets you go berserk.
 Y - a ring of protection from fire (right hand)
Wands
 f - a wand of enslavement (15)
 n - a wand of flame (96)
 o - a wand of acid (6)
 t - a wand of paralysis (16)
 P - a wand of digging (10)
 U - a wand of iceblast (13)
Scrolls
 i - 5 scrolls of remove curse
 k - 9 scrolls of teleportation
 p - a scroll of silence
 s - a scroll of immolation
 w - 3 scrolls of fog
 B - a scroll of amnesia
 L - 3 scrolls of magic mapping
 M - 2 scrolls of blinking
 T - a scroll of holy word
Potions
 a - 3 potions of heal wounds
 j - 6 potions of brilliance
 l - 3 potions of agility
 r - 8 potions of curing
 u - a potion of resistance {unknown}
 v - 5 potions of haste
 x - a potion of berserk rage
 z - 2 potions of flight {unknown}
 A - 11 potions of might
 C - 4 potions of invisibility
 I - 3 potions of lignification {unknown}
 K - 5 potions of cancellation
 Q - 3 potions of magic {unknown}
 X - a potion of ambrosia
 Z - a potion of mutation
Books
 H - a manual of Axes
Miscellaneous
 O - a sack of spiders
 V - a lightning rod (4/4)
Comestibles
 c - 44 rations


   Skills:
 - Level 14.6(13.8) Fighting
 - Level 14.5(13.7) Staves
 - Level 7.0(6.3) Armour
 - Level 9.5(8.8) Dodging
 - Level 11.2(10.5) Stealth
 - Level 3.3(2.6) Unarmed Combat
 - Level 13.0(12.2) Spellcasting
 - Level 2.0(1.4) Summonings
 - Level 3.6(3.0) Translocations
 - Level 14.1(13.3) Transmutations
 - Level 3.0(2.3) Air Magic
 + Level 14.6(13.8) Earth Magic
 - Level 6.0(5.3) Evocations


You had 27 spell levels left.
You knew the following spells:

 Your Spells              Type           Power        Failure   Level  Hunger
a - Blink                 Tloc           N/A          2%          2    None
b - Airstrike             Air            ###.......   21%         4    #......
c - Swiftness             Chrm/Air       ###.....     4%          2    None
d - Call Imp              Summ           ###.....     4%          2    None
e - Passwall              Tmut/Erth      ######..     1%          2    None
f - Statue Form           Tmut/Erth      ######...    3%          6    ######.

Your spell library contained the following spells:

 Spells                   Type           Power        Failure   Level  Hunger
 Sandblast                Erth           ######       1%          1    None
 Petrify                  Tmut/Erth      ######..     1%          4    #......
 Lee's Rapid Deconstruct  Erth           ######....   1%          5    ####...
 Ring of Flames           Chrm/Fire      ##........   100%        7    #######
 Shatter                  Erth           ######....   100%        9    #######
 Stone Arrow              Conj/Erth      Unusable     N/A         3    N/A
 Shock                    Conj/Air       Unusable     N/A         1    N/A
 Leda's Liquefaction      Hex/Erth       Unusable     N/A         4    N/A
 Poisonous Vapours        Pois/Air       Unusable     N/A         2    N/A
 Magic Dart               Conj           Unusable     N/A         1    N/A
 Searing Ray              Conj           Unusable     N/A         2    N/A
 Slow                     Hex            Unusable     N/A         2    N/A
 Static Discharge         Conj/Air       Unusable     N/A         3    N/A
 Mephitic Cloud           Conj/Pois/Air  Unusable     N/A         3    N/A
 Conjure Flame            Conj/Fire      Unusable     N/A         3    N/A
 Dazzling Spray           Conj/Hex       Unusable     N/A         3    N/A
 Bolt of Magma            Conj/Fire/Erth Unusable     N/A         5    N/A
 Force Lance              Conj/Tloc      Unusable     N/A         4    N/A
 Iron Shot                Conj/Erth      Unusable     N/A         6    N/A
 Fulminant Prism          Conj/Hex       Unusable     N/A         4    N/A
 Iskenderun's Mystic Bla  Conj           Unusable     N/A         4    N/A
 Lightning Bolt           Conj/Air       Unusable     N/A         5    N/A
 Freezing Cloud           Conj/Ice/Air   Unusable     N/A         6    N/A

Dungeon Overview and Level Annotations

Branches:
Dungeon (15/15)            Temple (0/1) D:6            Lair (6/6) D:9
 Shoals (4/4) Lair:4        Snake (4/4) Lair:3        Slime (0/5) Lair:6
    Orc (2/2) D:12            Elf (0/3) Orc:2        Vaults (5/5) D:14
  Crypt (1/3) Vaults:2
 Depths: D:15

Altars:
Cheibriados
Elyvilon
Fedhas
Gozag
Makhleb
Qazlal
Ru
Sif Muna
Uskayaw
Vehumet
Wu Jian
Zin
The Shining One

Shops:
D:4 }=   D:10 (   Orc:2 *(*:*   Shoals:2 %   Snake:2 *:%=   Vaults:5 (

Annotations:
D:10 Snorg
Lair:4 shoals


Innate Abilities, Weirdness & Mutations

You cannot wear boots.
((Your serpentine skin is tough. (AC +6)))
You have supernaturally acute eyesight. (SInv)
Armour fits poorly on your strangely shaped body.
Your system is resistant to poisons. (rPois)
((You cover ground very slowly.))
You have a slow metabolism.
You can spit poison.
You are weak. (Str -2)
You cannot drink potions while threatened.
You cannot study or cast Conjurations magic.
You cannot study or cast Hexes magic.
You cannot study or cast Poison magic.
You can use your snake-like lower body to constrict enemies.
You are sensitive to extremes of temperature. (rF-, rC-)
((You are partially covered in yellow scales. (AC +2)))
Your body sometimes deteriorates upon taking damage.


Message History

You closely miss the deep elf elementalist.
You grab the deep elf elementalist.
You constrict the deep elf elementalist.
The deep elf elementalist hits you but does no damage.
An ironbrand convoker comes into view. It is wielding a -2 flail.
Unknown command.
You slice the deep elf elementalist!! You freeze the deep elf elementalist.
The deep elf elementalist is severely wounded.
You constrict the deep elf elementalist.
The deep elf elementalist hits you but does no damage.
The vault warden hits you from afar with a +1 glaive of venom!!
* * * LOW HITPOINT WARNING * * *
You focus your will and illuminate the vault warden in retribution!
You cut the deep elf elementalist into ribbons!!!
You freeze the deep elf elementalist.
You kill the deep elf elementalist!
Unknown command.
The ironbrand convoker hits you but does no damage.
The vault warden hits you with a +1 glaive of venom!
You die...

#..# # #(.# #..#..#
#..#..# #..#..######
#### #..#........ ....
#..††.....e. ....
#...p#################
#...p8................
#....)................
######################


You could see a vault warden and an ironbrand convoker.

Vanquished Creatures
  An ancient lich (Vaults:4)
  A tentacled monstrosity (Vaults:5)
  Asterion (Snake:1)
  2 titans (Vaults:5)
  The ghost of Zuogeh the Warrior, an adept MiBe of Trog (Snake:3)
  A quicksilver dragon (Vaults:5)
  A kraken (Shoals:4)
  A sphinx (Vaults:5)
  2 shadow dragons (Vaults:5)
  2 storm dragons (Vaults:5)
  2 tengu reavers (Vaults:5)
  5 nagarajas (Snake:4)
  2 fire giants
  3 frost giants
  3 deep elf sorcerers
  9 vault wardens
  2 iron dragons (Vaults:5)
  7 ironheart preservers
  A deep elf elementalist (Vaults:5)
  3 very ugly things
  5 stone giants
  A war gargoyle (Vaults:5)
  A minotaur (Lab)
  A deep elf annihilator (Vaults:5)
  3 ettins
  2 merfolk javelineers (Shoals:4)
  4 merfolk impalers
  A great orb of eyes (Vaults:5)
  11 yaktaur captains
  10 naga warriors
  Erolcha (Orc:1)
  A hydra (Lair:4)
  2 rakshasas (Vaults:2)
  An ice dragon (Vaults:2)
  Fannar (Lair:2)
  39 vault guards
  4 centaur warriors
  Erica (D:9)
  4 death knights
  2 merfolk avatars
  2 ogre magi
  A two-headed ogre (shapeshifter) (Vaults:5)
  10 anacondas
  6 two-headed ogres
  4 merfolk aquamancers
  A dancing weapon (Vaults:5)
  2 tengu warriors
  6 death yaks (Lair:4)
  3 shock serpents (Snake:3)
  Urug (Orc:2)
  14 naga sharpshooters
  4 deep elf knights
  A salamander mystic (Snake:2)
  10 sea snakes
  10 naga ritualists
  4 wizards
  2 deep trolls (Vaults:5)
  An unseen horror (D:11)
  3 deep elf archers (Vaults:1)
  A phantasmal warrior (Vaults:2)
  12 harpies
  11 ironbrand convokers
  10 orc knights
  A lindwurm (shapeshifter) (Vaults:5)
  2 deep elf magi
  9 mana vipers
  4 orc sorcerers
  A wolf spider zombie (D:14)
  An orb spider (D:8)
  14 cyclopes
  14 ugly things
  6 fauns (Shoals:2)
  6 manticores
  19 elephants
  7 salamanders
  31 naga magi
  2 guardian serpents
  A torpor snail (shapeshifter) (Vaults:2)
  Maurice (D:8)
  30 black mambas
  8 vault sentinels
  2 water nymphs (Shoals:4)
  5 centaur skeletons
  5 merfolk sirens
  6 spiny frogs
  2 gargoyles
  2 rime drakes (Lair:6)
  7 freezing wraiths
  6 komodo dragons
  14 yaktaurs
  A tengu conjurer (D:14)
  5 trolls
  6 hornets
  2 wind drakes (Shoals:4)
  A polar bear (Lair:6)
  17 merfolk
  A blink frog (shapeshifter) (Vaults:1)
  Prince Ribbit (Lair:2)
  12 blink frogs
  6 hippogriffs
  7 snapping turtles
  2 dream sheep (Shoals:1)
  5 wyverns
  A vampire (D:11)
  3 wraiths
  59 yaks
  7 water elementals
  A shadow (D:14)
  4 hungry ghosts
  A steam dragon (D:11)
  3 basilisks
  4 vampire mosquitoes (D:12)
  44 nagas
  Menkaure (Ossuary)
  4 water moccasins
  2 soldier ants (D:8)
  11 porcupines
  2 eyes of draining
  A hornet zombie (D:13)
  4 ice beasts
  3 sky beasts
  A black bear (shapeshifter) (Vaults:2)
  A phantom (D:5)
  45 orc warriors
  2 black bears
  3 wolves (Lair:4)
  2 necrophages
  22 ogres
  14 centaurs
  13 crocodiles
  3 big kobolds
  9 bullfrogs
  A wyvern zombie (D:6)
  8 scorpions
  9 wights
  An electric eel (Lair:4)
  5 howler monkeys
  7 crimson imps
  3 bullfrog zombies
  2 quasits
  4 hounds
  A bullfrog skeleton (D:9)
  5 jellies
  13 orc priests
  Crazy Yiuf (D:3)
  An iguana (D:10)
  13 orc wizards
  13 worker ants
  3 mummies (Ossuary)
  Robin (D:3)
  3 gnolls (D:8)
  8 adders
  4 shadow imps
  2 oozes (Lair:6)
  An adder zombie (D:5)
  2 adder skeletons (D:7)
  2 worms
  A dart slug (D:4)
  3 leopard geckos
  81 orcs
  A ball python (D:2)
  4 bats
  2 giant cockroaches
  4 gnoll zombies (Ossuary)
  7 goblins
  8 hobgoblins
  15 jackals
  4 quokkas
  4 frilled lizards
  6 gnoll skeletons (Ossuary)
  2 goblin skeletons (Ossuary)
  3 goblin zombies (Ossuary)
  3 hobgoblin skeletons (Ossuary)
  A hobgoblin zombie (Ossuary)
  17 kobolds
  3 kobold skeletons (Ossuary)
  A kobold zombie (Ossuary)
  An orc skeleton (Ossuary)
  2 orc zombies (Ossuary)
  2 quokka skeletons
  A quokka zombie (D:9)
  6 rats
  A rat skeleton (Ossuary)
  3 rat zombies (Ossuary)
  A fungus (Lair:4)
  13 plants
  2 tentacles (Shoals:4)
1121 creatures vanquished.

Vanquished Creatures (collateral kills)
  A salamander (shapeshifter) (Vaults:4)
  A faun (Shoals:3)
  A vault sentinel (Vaults:1)
3 creatures vanquished.

Vanquished Creatures (others)
  A quicksilver dragon (Vaults:5)
  A tengu reaver (Vaults:2)
  An anaconda (Snake:4)
  A naga sharpshooter (Snake:3)
  An unseen horror (D:14)
  A harpy (Shoals:3)
  A gargoyle (D:14)
  A yaktaur (Vaults:2)
  A komodo dragon (Lair:6)
  An orc warrior (Orc:2)
  A centaur (Orc:2)
  A bullfrog (Lair:4)
  3 orcs (Orc:2)
  3 giant cockroaches (Vaults:5)
  A gnoll zombie (Ossuary)
  2 goblin zombies (Ossuary)
  3 hobgoblin skeletons (Ossuary)
  A hobgoblin zombie (Ossuary)
  A kobold skeleton (Ossuary)
  2 kobold zombies (Ossuary)
  3 orc skeletons (Ossuary)
  3 orc zombies (Ossuary)
  2 rat skeletons (Ossuary)
  2 rat zombies (Ossuary)
  19 fungi
  42 plants
  4 tentacles (Shoals:4)
103 creatures vanquished.

Grand Total: 1227 creatures vanquished

Notes
Turn   | Place    | Note
-------+----------+-------------------------------------------
     0 | D:1      | Lavandula the Naga Air Elementalist began the quest for the
                  | Orb.
     0 | D:1      | Reached XP level 1. HP: 15/15 MP: 3/3
   129 | D:2      | Reached XP level 2. HP: 22/22 MP: 0/5
   221 | D:2      | Found a sacrificial altar of Ru.
   235 | D:2      | Became a worshipper of Ru the Awakened
   468 | D:2      | Reached XP level 3. HP: 28/28 MP: 7/7
   476 | D:2      | Found a blossoming altar of Fedhas.
   561 | D:2      | Reached skill level 1 in Unarmed Combat
   601 | D:3      | Noticed Robin
   622 | D:3      | Killed Robin
   665 | D:3      | Reached XP level 4. HP: 24/36 MP: 5/8
   827 | D:3      | Found a runed door.
   831 | D:3      | Noticed Crazy Yiuf
   837 | D:3      | Killed Crazy Yiuf
   984 | D:3      | Gained mutation: You cannot drink potions while threatened.
                  | [Ru sacrifice]
   984 | D:3      | Reached * piety under Ru
  1038 | D:5      | Entered Level 5 of the Dungeon
  1047 | D:5      | Reached XP level 5. HP: 39/42 MP: 9/9
  1058 | D:5      | Reached skill level 1 in Fighting
  1097 | D:5      | Found a snail-covered altar of Cheibriados.
  1111 | D:5      | Found a sand-covered staircase.
  1115 | D:5      | Got a fine chain mail
  1125 | Ossuary  | Entered an ossuary
  1347 | Ossuary  | Noticed Menkaure
  1362 | Ossuary  | Killed Menkaure
  1362 | Ossuary  | Reached XP level 6. HP: 55/55 MP: 4/10
  1443 | Ossuary  | Identified the cursed +0 chain mail of the Pirate {rC+}
                  | (You found it on level 5 of the Dungeon)
  1474 | D:5      | Noticed a phantom
  1540 | D:5      | Killed a phantom
  1540 | D:5      | Reached XP level 7. HP: 35/61 MP: 9/11
  1563 | D:5      | Found a deep blue altar of Sif Muna.
  1598 | D:5      | Reached skill level 5 in Staves
  1670 | D:5      | Found a white marble altar of Elyvilon.
  1770 | D:6      | Learned a level 4 spell: Airstrike
  1773 | D:6      | Learned a level 2 spell: Swiftness
  1867 | D:7      | HP: 1/61 [scorpion (7)]
  1872 | D:7      | Reached XP level 8. HP: 2/68 MP: 10/12
  2323 | D:4      | Gained mutation: You cannot study or cast Poison magic. [Ru
                  | sacrifice]
  2323 | D:4      | Gained mutation: You cannot study or cast Hexes magic. [Ru
                  | sacrifice]
  2323 | D:4      | Gained mutation: You cannot study or cast Conjurations
                  | magic. [Ru sacrifice]
  2323 | D:4      | Reached ** piety under Ru
  2384 | D:4      | Found Wofux's Jewellery Shop.
  2433 | D:4      | Found Erahis's Gadget Emporium.
  2449 | D:4      | Got a shimmering mace
  2452 | D:4      | Identified the cursed +1 mace of Ynwyrghiwn {crush, Dex+4}
                  | (You found it on level 4 of the Dungeon)
  2517 | D:4      | Found an ornate altar of the Wu Jian Council.
  2517 | D:4      | Found a glowing golden altar of the Shining One.
  2761 | D:6      | Reached skill level 5 in Fighting
  2938 | D:6      | Found a glowing silver altar of Zin.
  2965 | D:6      | Found a staircase to the Ecumenical Temple.
  3124 | D:7      | Reached XP level 9. HP: 35/82 MP: 13/13
  3405 | D:8      | Found a stormy altar of Qazlal.
  3413 | D:8      | Noticed Maurice
  3425 | D:8      | Killed Maurice
  3426 | D:8      | Reached skill level 5 in Dodging
  3464 | D:8      | Found an opulent altar of Gozag.
  3607 | D:8      | Noticed a troll
  3803 | D:8      | Noticed a hornet
  3804 | D:8      | Noticed an orb spider
  3804 | D:8      | a hornet changed into an orb spider
  3809 | D:8      | Killed an orb spider
  3814 | D:8      | Reached XP level 10. HP: 85/91 MP: 14/14
  4263 | D:8      | Found a radiant altar of Vehumet.
  4263 | D:8      | Found a burning altar of Makhleb.
  4264 | D:8      | Found a hide-covered altar of Uskayaw.
  4282 | D:8      | Gained mutation: You are sensitive to extremes of
                  | temperature. (rF-, rC-) [Ru sacrifice]
  4282 | D:8      | Reached *** piety under Ru
  4282 | D:8      | Reached **** piety under Ru
  4282 | D:8      | Reached ***** piety under Ru
  4548 | D:10     | Entered Level 10 of the Dungeon
  4561 | D:9      | Found a staircase to the Lair.
  4563 | D:9      | Reached skill level 10 in Staves
  4564 | D:9      | Noticed Erica
  4662 | Lair:1   | Entered Level 1 of the Lair of Beasts
  4797 | D:13     | Reached XP level 11. HP: 98/99 MP: 15/15
  4860 | D:13     | Noticed a tengu warrior
  4896 | D:13     | Killed a tengu warrior
  5406 | D:12     | Gained mutation: You are weak. (Str -2) [Ru sacrifice]
  5426 | D:12     | Gained mutation: You are frail. (-10% HP) [potion of
                  | mutation]
  5426 | D:12     | Gained mutation: You expend magic power (3 MP) to
                  | strengthen your wands. [potion of mutation]
  5427 | D:12     | Lost mutation: You are frail. (-10% HP) [potion of
                  | mutation]
  5427 | D:12     | Lost mutation: You expend magic power (3 MP) to strengthen
                  | your wands. [potion of mutation]
  5427 | D:12     | Gained mutation: You have a pair of small horns on your
                  | head. [potion of mutation]
  5427 | D:12     | Gained mutation: You are dopey. (Int -2) [potion of
                  | mutation]
  5427 | D:12     | Gained mutation: You can exhale a cloud of poison. [potion
                  | of mutation]
  5516 | D:11     | Noticed a red ugly thing
  5524 | D:11     | Killed a red ugly thing
  5662 | D:11     | Noticed a two-headed ogre
  5666 | D:11     | Noticed a two-headed ogre
  5669 | D:11     | Killed a two-headed ogre
  5681 | D:11     | Killed a two-headed ogre
  5713 | D:11     | Reached skill level 1 in Evocations
  5958 | D:10     | Reached XP level 12. HP: 78/109 MP: 16/16
  5958 | D:10     | Reached skill level 5 in Evocations
  6070 | D:10     | Noticed Snorg
  6272 | D:10     | Found Xuquhiugh's Weapon Shoppe.
  6528 | D:11     | You fall through a shaft for 3 floors!
  6613 | D:14     | Noticed a vault guard
  6613 | D:14     | Noticed a vault guard
  6613 | D:14     | Noticed a vault guard
  6614 | D:14     | Found a gate to the Vaults.
  6614 | D:14     | Noticed a vault guard
  6614 | D:14     | Noticed a vault guard
  6615 | D:14     | Noticed a vault guard
  6616 | D:14     | Noticed a vault guard
  6618 | D:14     | Noticed a vault guard
  6621 | D:14     | Killed a vault guard
  6621 | D:14     | Killed a vault guard
  6623 | D:14     | Killed a vault guard
  6625 | D:14     | Killed a vault guard
  6631 | D:14     | Killed a vault guard
  6631 | D:14     | Reached skill level 10 in Fighting
  6746 | D:14     | Noticed a tengu warrior
  6754 | D:14     | Killed a tengu warrior
  6886 | D:14     | Paralysed by a hornet for 3 turns
  6887 | D:14     | Gained mutation: You can use your snake-like lower body to
                  | constrict enemies. [Naga growth]
  6887 | D:14     | Reached XP level 13. HP: 101/128 MP: 17/17
  6895 | D:14     | Killed a vault guard
  6895 | D:14     | Killed a vault guard
  6939 | D:15     | Entered Level 15 of the Dungeon
  7024 | D:14     | Killed a vault guard
  7545 | D:12     | Found a staircase to the Orcish Mines.
  7556 | Orc:1    | Entered Level 1 of the Orcish Mines
  7866 | D:4      | Bought the amulet "Xaequv" {+Rage rF+ rN+ Int+3 Slay+3} for
                  | 925 gold pieces
  8109 | Orc:2    | Entered Level 2 of the Orcish Mines
  8116 | Orc:2    | Reached skill level 1 in Armour
  8118 | Orc:2    | Noticed an ettin
  8228 | Orc:1    | Noticed Erolcha
  8234 | Orc:1    | Killed Erolcha
  8306 | Orc:2    | Found Ysicsant's Mayhem Merchandise.
  8310 | Orc:2    | Killed an ettin
  8704 | Orc:2    | Found Ujeu's Antique Weapon Shoppe.
  8704 | Orc:2    | Found Cylo Bif's Assorted Antiques.
  8707 | Orc:2    | Found Poipnunk's Book Shop.
  8709 | Orc:2    | Found Antiniel's Assorted Antiques.
  8810 | Orc:1    | Found a burning altar of Makhleb.
  9017 | Orc:2    | Noticed an ettin
  9026 | Orc:2    | Killed an ettin
  9028 | Orc:2    | Noticed Urug
  9041 | Orc:2    | Killed Urug
  9099 | Orc:2    | Found a staircase to the Elven Halls.
  9419 | Orc:2    | Bought a runed lajatang for 630 gold pieces
  9951 | Lair:1   | Reached XP level 14. HP: 139/141 MP: 18/18
 10034 | Lair:2   | Noticed Prince Ribbit
 10040 | Lair:2   | Killed Prince Ribbit
 10126 | Lair:4   | Found a labyrinth entrance.
 10135 | Lab      | Entered a labyrinth
 10379 | Lair:5   | Reached skill level 5 in Spellcasting
 10404 | Lair:6   | Entered Level 6 of the Lair of Beasts
 10544 | Lair:6   | Found a staircase to the Slime Pits.
 10712 | Lair:6   | Reached skill level 5 in Armour
 10891 | Lair:6   | Reached XP level 15. HP: 98/148 MP: 20/25
 11023 | Lair:2   | Noticed Fannar
 11033 | Lair:2   | Killed Fannar
 11274 | Orc:2    | Bought a heavily runed pewter ring for 170 gold pieces
 11275 | Orc:2    | Identified the ring "Dugit" {*Drain +Blink MR+ Slay+2
                  | Stlth+} (You bought it in a shop on level 2 of the Orcish
                  | Mines)
 11701 | Lair:4   | Found a staircase to the Shoals.
 11712 | Shoals:1 | Entered Level 1 of the Shoals
 11939 | Shoals:2 | Found Tuts's Food Boutique.
 12121 | Shoals:2 | Learned a level 2 spell: Blink
 12124 | Shoals:2 | Learned a level 2 spell: Call Imp
 12132 | Shoals:3 | Reached skill level 1 in Translocations
 12339 | Shoals:3 | Reached skill level 1 in Summonings
 12695 | Shoals:4 | Entered Level 4 of the Shoals
 12843 | Shoals:4 | Reached skill level 5 in Stealth
 13055 | Shoals:4 | Noticed a kraken
 13064 | Shoals:4 | Reached XP level 16. HP: 137/160 MP: 28/28
 13064 | Shoals:4 | Reached skill level 10 in Stealth
 13072 | Shoals:4 | Killed a kraken
 13079 | Shoals:4 | Got a barnacled rune of Zot
 13362 | Lair:3   | Found a staircase to the Snake Pit.
 13404 | Snake:1  | Entered Level 1 of the Snake Pit
 13408 | Snake:1  | Learned a level 2 spell: Passwall
 13449 | Snake:1  | Reached skill level 1 in Transmutations
 13460 | Snake:1  | Noticed Asterion
 13461 | Snake:1  | Lost mutation: You are dopey. (Int -2) [potion of mutation]
 13461 | Snake:1  | Lost mutation: You have a pair of small horns on your head.
                  | [potion of mutation]
 13461 | Snake:1  | Lost mutation: You can exhale a cloud of poison. [potion of
                  | mutation]
 13461 | Snake:1  | Gained mutation: Your body sometimes deteriorates upon
                  | taking damage. [potion of mutation]
 13461 | Snake:1  | Gained mutation: You are partially covered in yellow
                  | scales. (AC +2) [potion of mutation]
 13468 | Snake:1  | Killed Asterion
 13539 | Snake:1  | Reached skill level 5 in Transmutations
 13576 | Snake:1  | Reached skill level 1 in Earth Magic
 13839 | Snake:3  | Found a runed gate.
 13839 | Snake:3  | Found a runed gate.
 13839 | Snake:3  | Found a runed gate.
 13844 | Snake:3  | Noticed Zuogeh's ghost (adept MiBe)
 13861 | Snake:3  | Reached skill level 5 in Earth Magic
 13895 | Snake:2  | Found Umiwizen's Book Shoppe.
 13897 | Snake:2  | Found Muykk's Jewellery Emporium.
 13897 | Snake:2  | Found Sumesch's General Store.
 13900 | Snake:2  | Found Kuischawa's Food Emporium.
 14340 | Snake:4  | Entered Level 4 of the Snake Pit
 14467 | Snake:4  | Reached XP level 17. HP: 146/168 MP: 24/29
 14793 | Snake:4  | Reached skill level 10 in Earth Magic
 15158 | Snake:4  | Got a serpentine rune of Zot
 15272 | Snake:3  | Identified the ring "Cueck" {+Blink rPois AC+4}
 15800 | Snake:3  | Killed Zuogeh's ghost
 16468 | D:9      | Killed Erica
 16592 | Vaults:1 | Entered Level 1 of the Vaults
 16694 | Vaults:1 | Reached XP level 18. HP: 134/176 MP: 30/30
 16920 | Vaults:1 | Identified the +9 halberd "Myqidiz" {venom, Stlth+}
 16960 | Vaults:1 | Reached skill level 10 in Transmutations
 17296 | Orc:2    | Bought a book of the Earth for 910 gold pieces
 17303 | Orc:2    | Learned a level 6 spell: Statue Form
 18350 | Vaults:2 | Found a staircase to the Crypt.
 18366 | Crypt:1  | Entered Level 1 of the Crypt
 18558 | Vaults:2 | Reached XP level 19. HP: 122/183 MP: 15/31
 18828 | Vaults:5 | Entered Level 5 of the Vaults
 18834 | Vaults:5 | Reached skill level 10 in Spellcasting
 18837 | Vaults:5 | Noticed a tentacled monstrosity
 18838 | Vaults:5 | Noticed an ancient lich
 18938 | Vaults:5 | Noticed a tentacled monstrosity
 18942 | Vaults:5 | Killed a tentacled monstrosity
 18947 | Vaults:4 | Killed an ancient lich
 18977 | Vaults:5 | Found Licui's Weapon Boutique.
 18990 | Vaults:5 | Identified the cursed +0 fustibalus of Hepliaklqana's
                  | Regard {freeze, rN+ Dex+2}
 18992 | Vaults:5 | Noticed a tentacled monstrosity
 19189 | Vaults:5 | Reached XP level 20. HP: 133/192 MP: 30/36
 19568 | Vaults:5 | Identified the +1 robe of the Commoners {rN+ Int-4 Dex+4
                  | Slay+3}
 19589 | Vaults:5 | HP: 7/374 [vault warden/+1 glaive of venom (23)]
 19591 | Vaults:5 | Slain by a vault warden

Vault maps used:
D:1:      tarquinn_simple_flora_water_f
D:2:      fedhas_altar_1, nicolae_overflow_crystal_walls, serial_forest,
          infiniplex_forest_lined_corner, infiniplex_forest_diagonal,
          infiniplex_forest_zigzag_2, infiniplex_forest_clump_small,
          uniq_natasha
D:3:      grunt_dithmenos_smoke_and_mirrors, first_ration, uniq_robin,
          uniq_crazy_yiuf_cottage
D:4:      lemuel_zombie_altar_yredelemnul, gammafunk_temple_overflow_wave,
          serial_shops, kennysheep_mini_moat, nicolae_shop_behind_doors,
          st_stairs_6, minmay_circle_x
D:5:      kennysheep_mini, lemuel_doored_altar, nicolae_overflow_hidden_temple,
          nicolae_ossuary_entry_ruins
D:6:      zin_statuary, minmay_temple_entry_offerings,
          minmay_fractal_squares_diagonal_5
D:7:      kennysheep_seaside_town
D:8:      gammafunk_temple_overflow_claw, nicolae_qazlal_general_emergency,
          hangedman_pestilent_swarm, minmay_misc_feat_columns,
          nicolae_gozag_cash_rules_everything_around_me, uniq_maurice
D:9:      minmay_lair_entry_grove, uniq_erica
D:10:     serial_shops, nicolae_shop_crystal, uniq_snorg
D:12:     david_orc_4
D:14:     erik_vaults_2, gammafunk_ghost_grave, roderic_malta_cross
D:15:     gammafunk_depths_entry_grave, chequers_garden, basic_altar,
          hive_lemuel
Lair:1:   beast_lair_carwin_8, grunt_megastairs_5, lemuel_fruit_tree
Lair:2:   special_room, uniq_gastronok, uniq_prince_ribbit2, uniq_fannar
Lair:3:   minmay_snake_entry_guardpost_small
Lair:4:   elwin_shoals_entry_rocks, lab_entry_generic, bh_autumn_forest_stairs,
          serial_bayou_shore_b
Lair:5:   gammafunk_lair_bear_cave, grunt_megastairs_4
Lair:6:   gammafunk_lair_ancient_temple, nicolae_slime_entry_slimehenge,
          gammafunk_ghost_cemetery, zaba_anthell
Shoals:2: serial_shops, nicolae_shop_crystal
Shoals:3: st_shoals_ruin
Shoals:4: shoals_end_hangedman, nicolae_shoals_loop_pool
Snake:1:  uniq_asterion
Snake:2:  gammafunk_ghost_necromancy, minmay_shoptagon
Snake:3:  nicolae_snakescales, gammafunk_ghost_split, st_stairs_7
Snake:4:  snake_pit, grunt_ministairs_6
Orc:1:    bloody_makhleb, uniq_erolcha
Orc:2:    st_orc_rangers, minmay_shop_mayhem, mines2_lemuel, uniq_urug
Vaults:1: nicolae_vaults_twisting_passages, nicolae_vaults_little_squares_4,
          v_rooms_6, ontoclasm_vaults_loading_screen,
          hangedman_vaults_restitches, nicolae_vaults_asterisk,
          vaults_room_pools, vaults_room_door_ring
Vaults:2: ontoclasm_vaults_ring_large, v_misc_26, v_misc_2,
          blue_anna_dwarven_crypt, nicolae_vaults_octagons,
          vaults_standard_mumra_lines, vaults_room_hallway, v_misc_31,
          v_misc_11, nicolae_vaults_little_squares_4, vaults_room_hallway
Vaults:3: dpeg_vaults_monster_row, vaults_standard_mumra_enter_the_diamond,
          v_misc_4, v_misc_28, hangedman_vaults_pinch,
          nicolae_vaults_circle_grid_a, nicolae_vaults_what_the_h,
          ontoclasm_vaults_ligature, vaults_room_semicircle,
          vaults_dpeg_diagonal
Vaults:4: nicolae_vaults_c_with_doors, vaults_standard_mumra_enter_the_diamond,
          nicolae_vaults_network_quincunx, nicolae_vaults_little_squares_3,
          v_misc_5, vaults_room_corners, v_misc_32, serial_shops, shop,
          nicolae_shop_crystal, nicolae_shop_waterfront, shop, shop
Lab:      labyrinth_green, labyrinth_skeletal_remains, nicolae_lab_t_cross,
          nicolae_lab_very_dead_end, labyrinth_glass_1, lab_block,
          nicolae_lab_starburst, nicolae_lab_garden
Ossuary:  ossuary_due_pyramid

Skill      XL: |  1  2  3  4  5  6  7  8  9 10 11 12 13 14 15 16 17 18 19 20 |
---------------+-------------------------------------------------------------+-----
Spellcasting   | 3 7 8 12 13 | 13.0
Unarmed Combat | 2 3 |  3.3
Fighting       | 2 6 7 11 13 14 | 14.6
Staves         | 2 4 6 7 10 13 14 | 14.5
Conjurations   | 0 |  0.0
Dodging        | 2 7 8 9 |  9.5
Evocations     | 4 6 |  6.0
Armour         | 4 6 7 |  7.0
Translocations | 3 |  3.6
Summonings     | 2 |  2.0
Stealth        | 9 11 | 11.2
Transmutations | 5 8 13 14 | 14.1
Earth Magic    | 8 12 14 | 14.6
Air Magic      | |  3.0

Action                   |  1- 3 |  4- 6 |  7- 9 | 10-12 | 13-15 | 16-18 | 19-21 || total
-------------------------+-------+-------+-------+-------+-------+-------+-------++-------
Melee: Mace              |    10 |     1 |       |       |       |       |       ||    11
       Dagger            |     2 |       |       |       |       |       |       ||     2
       Quarterstaff      |       |    87 |   178 |   586 |   187 |       |       ||  1038
       Headbutt          |       |       |       |    35 |   136 |    10 |       ||   181
       Constrict         |       |       |       |       |   146 |   205 |    24 ||   375
       Lajatang          |       |       |       |       |   500 |  1092 |   262 ||  1854
Throw: Tomahawk          |       |       |     3 |     4 |       |       |       ||     7
       Javelin           |       |       |       |    11 |    11 |     3 |       ||    25
       Throwing net      |       |       |       |       |       |     2 |       ||     2
 Cast: Shock             |    27 |    49 |    19 |       |       |       |       ||    95
       Call Imp          |       |       |       |       |     1 |       |       ||     1
       Statue Form       |       |       |       |       |       |    10 |    15 ||    25
       Blink             |       |       |       |       |       |     2 |     4 ||     6
Invok: Sacrifice Drink   |       |     1 |       |       |       |       |       ||     1
       Sacrifice Arcana  |       |       |     1 |       |       |       |       ||     1
       Draw Out Power    |       |       |       |    21 |    37 |    48 |    14 ||   120
       Apocalypse        |       |       |       |     5 |    11 |    11 |     4 ||    31
       Sacrifice Resista |       |       |       |     1 |       |       |       ||     1
       Sacrifice Purity  |       |       |       |     1 |       |       |       ||     1
       Reject Sacrifices |       |       |       |       |     2 |     1 |       ||     3
 Abil: Spit Poison       |    22 |    14 |    26 |    16 |       |     2 |       ||    80
       Breathe Poison Ga |       |       |       |    32 |    73 |     5 |       ||   110
       Evoke Berserk Rag |       |       |       |       |     3 |     4 |       ||     7
       End Transformatio |       |       |       |       |       |     5 |    10 ||    15
Evoke: Wand              |       |       |    10 |     1 |    27 |     9 |     6 ||    53
       Sack of spiders   |       |       |       |       |     1 |     6 |     2 ||     9
       Box of beasts     |       |       |       |       |     1 |       |       ||     1
       Phantom mirror    |       |       |       |       |       |       |     1 ||     1
  Use: Scroll            |     1 |     9 |    16 |    10 |    13 |    11 |    10 ||    70
       Potion            |       |       |     1 |     3 |       |     2 |     8 ||    14
 Stab: Confused          |       |     2 |       |       |     1 |     2 |       ||     5
       Sleeping          |       |       |     4 |     1 |     2 |    19 |     1 ||    27
       Distracted        |       |       |     2 |     2 |     1 |     4 |     1 ||    10
       Paralysed         |       |       |     1 |    26 |    24 |    15 |    12 ||    78
       Petrified         |       |       |       |     6 |       |       |       ||     6
       Invisible         |       |       |       |     2 |    11 |    18 |     5 ||    36
       Held in net/web   |       |       |       |       |       |     1 |       ||     1
  Eat: Chunk             |       |     2 |    13 |    17 |    26 |    19 |     5 ||    82
       Ration            |       |       |       |     2 |     2 |     2 |     1 ||     7
Armor: Robe              |     6 |    30 |    40 |   144 |    25 |       |       ||   245
       Troll leather arm |       |       |       |       |   177 |   291 |     2 ||   470
       Ring mail         |       |       |       |       |     8 |       |       ||     8
       Skin              |       |       |       |       |       |    69 |   266 ||   335
Dodge: Dodged            |    11 |    36 |    92 |   286 |   402 |   508 |   274 ||  1609
       Deflected         |       |       |       |     4 |       |       |       ||     4

Table legend:
 A = Non-vault XP
 B = Vault XP
 C = Vault XP percentage of total XP
 D = Non-vault monster count
 E = Vault monster count
 F = Vault count percentage of total count
                 A         B        C        D         E       F
            +---------+---------+-------+---------+---------+-------
      Total |  219867 |  222198 |  50.3 |     725 |     386 |  34.7
            +---------+---------+-------+---------+---------+-------
        D:1 |       4 |       0 |   0.0 |       3 |       0 |   0.0
        D:2 |      42 |       0 |   0.0 |      17 |       0 |   0.0
        D:3 |      27 |      69 |  71.9 |      12 |      11 |  47.8
        D:4 |      31 |      75 |  70.8 |       4 |       5 |  55.6
        D:5 |     565 |       0 |   0.0 |      15 |       0 |   0.0
        D:6 |     544 |     346 |  38.9 |      13 |       4 |  23.5
        D:7 |     743 |       0 |   0.0 |      15 |       0 |   0.0
        D:8 |    2292 |    1500 |  39.6 |      41 |       6 |  12.8
        D:9 |     850 |    2720 |  76.2 |      20 |      12 |  37.5
       D:10 |    4571 |       0 |   0.0 |      41 |       0 |   0.0
       D:11 |    3996 |       0 |   0.0 |      21 |       0 |   0.0
       D:12 |    3859 |     637 |  14.2 |      45 |      16 |  26.2
       D:13 |    3605 |       0 |   0.0 |      23 |       0 |   0.0
       D:14 |    6810 |    7954 |  53.9 |      30 |       8 |  21.1
     Lair:1 |    1308 |    1335 |  50.5 |       4 |       9 |  69.2
     Lair:2 |    1169 |    2089 |  64.1 |       6 |       5 |  45.5
     Lair:3 |    4519 |     477 |   9.5 |      24 |       3 |  11.1
     Lair:4 |    9240 |       0 |   0.0 |      24 |       0 |   0.0
     Lair:5 |    2108 |    1550 |  42.4 |       5 |       8 |  61.5
     Lair:6 |    9189 |    9075 |  49.7 |      27 |      27 |  50.0
   Shoals:1 |    5391 |       0 |   0.0 |      16 |       0 |   0.0
   Shoals:2 |    6620 |       0 |   0.0 |      14 |       0 |   0.0
   Shoals:3 |    8293 |    4850 |  36.9 |      15 |       9 |  37.5
   Shoals:4 |   10632 |   10416 |  49.5 |      23 |      15 |  39.5
    Snake:1 |   15120 |    2808 |  15.7 |      31 |       1 |   3.1
    Snake:2 |   11075 |     420 |   3.7 |      25 |       1 |   3.8
    Snake:3 |   16340 |   11673 |  41.7 |      31 |      17 |  35.4
    Snake:4 |    6303 |   32814 |  83.9 |      14 |      54 |  79.4
      Orc:1 |    1482 |    1288 |  46.5 |      18 |       3 |  14.3
      Orc:2 |    4060 |    4577 |  53.0 |      15 |      31 |  67.4
   Vaults:1 |   24241 |    9264 |  27.6 |      33 |      20 |  37.7
   Vaults:2 |   25311 |   24880 |  49.6 |      53 |      28 |  34.6
   Vaults:3 |    4293 |    1001 |  18.9 |       8 |       2 |  20.0
   Vaults:4 |    1094 |    8070 |  88.1 |       2 |       1 |  33.3
   Vaults:5 |   24140 |   80932 |  77.0 |      37 |      62 |  62.6
        Lab |       0 |    1239 | 100.0 |       0 |       1 | 100.0
    Ossuary |       0 |     139 | 100.0 |       0 |      27 | 100.0
            +---------+---------+-------+---------+---------+-------
